 Dungeon Crawl Stone Soup version 0.31.0-12-g77e489cdc1 (webtiles) character file.

Game seed: 11465927958781990150

920 Killerpretzel the Changeling (level 8, -5/54 HPs)
             Began as an Octopode Shapeshifter on Mar 1, 2024.
             Slain by a gnoll sergeant
             ... wielding a +2 trident
              (7 damage)
             ... on level 5 of the Dungeon.
             The game lasted 00:05:52 (4119 turns).

Killerpretzel the Changeling (OpSh)                 Turns: 4119, Time: 00:05:53

Health: -5/54      AC:  1    Str: 14    XL:     8   Next: 10%
Magic:  8/8        EV: 14    Int: 12    God:
Gold:   250        SH:  0    Dex: 13    Spells: 4/7 levels left

rFire   . .          .
                       - Unarmed
rCold   . . .        (no shield)
rNeg    . . .        (helmet currently unavailable)
rPois   +            h - amulet of faith
rElec   .            g - ring of poison resistance
rCorr   .            (no ring)
SInv    .            (no ring)
Will    .....        (no ring)
Stlth   ++           (no ring)
HPRegen 0.29/turn    (no ring)
MPRegen 0.11/turn    (no ring)
                     (no ring)

%: faith
@: beast-form
A: beast (slay +3), almost no armour, amphibious, 8 rings, camouflage 1,
gelatinous body 1, (nimble swimmer 1), tentacles
a: Begin Untransformation


You were on level 5 of the Dungeon.
You were a hulking beast.
You visited 1 branch of the dungeon, and saw 6 of its levels.

You collected 250 gold pieces.

Inventory:

Missiles
 e - 2 boomerangs (quivered)
Jewellery
 g - a ring of poison resistance (left tentacle)
 h - an amulet of faith (around mantle)
Talismans
 b - a beast talisman
 c - a flux talisman
Wands
 a - a wand of polymorph (11)
 f - a wand of flame (25)
Scrolls
 d - 3 scrolls of teleportation
Potions
 i - a potion of might {unknown}


   Skills:
 + Level 3.8 Fighting
 + Level 4.3 Dodging
 + Level 4.9 Unarmed Combat
 + Level 1.5 Translocations
 * Level 5.8 Shapeshifting


You had 4 spell levels left.
You knew the following spells:

 Your Spells              Type           Power      Damage    Failure   Level
a - Teleport Other        Tloc           3%         N/A       47%         3

Your spell library contained the following spells:

 Spells                   Type           Power      Damage    Failure   Level
 Lesser Beckoning         Tloc           6%         N/A       26%         2
 Gell's Gravitas          Tloc           3%         N/A       47%         3
 Ozocubu's Armour         Ice            0%         N/A       69%         3
 Metabolic Englaciation   Hex/Ice        0%         N/A       100%        5
 Sculpt Simulacrum        Ice/Alch       0%         N/A       100%        6


Dungeon Overview and Level Annotations

Branches:
Dungeon (6/15)
 Temple: D:4-7

Altars:
Gozag
Hepliaklqana
Makhleb
Okawaru
Qazlal
Ru
Uskayaw
Wu Jian

Shops:
D:1 (   D:5 :

Annotations:
D:3 2 transporters, Grinder; Marvel's ghost, amateur HOFi
D:4 Dowan
D:6 exclusion: upstairs, Jeremiah


Innate Abilities, Weirdness & Mutations

You are a hulking beast.
Your limbs bulge with bestial killing power. (Slay +3)
You cannot wear most types of armour.
You are amphibious.
You can wear up to eight rings at the same time.
Your skin changes colour to match your surroundings (Stealth+).
Your rubbery body absorbs attacks. (AC +1, EV +1)
((You are camouflaged when in or above water. (Stealth+)))
You have tentacles for arms and can constrict up to eight enemies at once.


Message History

The hound misses you.
The gnoll sergeant hits you from afar with a +2 trident!!
The hound barely misses you.
The gnoll sergeant attacks as it pursues you!
The gnoll sergeant barely misses you. The hound bites you.
* * * LOW HITPOINT WARNING * * *
The hound bites you.
* * * LOW HITPOINT WARNING * * *
The gnoll sergeant closely misses you. The hound barely misses you.
The gnoll attacks as it pursues you! The gnoll misses you.
You feel better. The gnoll hits you with a +0 whip.
You bludgeon the gnoll! You grab the gnoll.
The gnoll is severely wounded.
You constrict the gnoll. The gnoll closely misses you.
You bludgeon the gnoll!
You kill the gnoll!
You barely miss the hound. Your grab misses the hound.
Your squeeze misses the hound. The hound bites you.
* * * LOW HITPOINT WARNING * * *
The hound bites you.
* * * LOW HITPOINT WARNING * * *
The gnoll sergeant hits you from afar with a +2 trident.
* * * LOW HITPOINT WARNING * * *
You barely miss the hound. Your grab misses the hound. You squeeze the hound.
The hound is lightly wounded.
The hound bites you.
* * * LOW HITPOINT WARNING * * *
The gnoll sergeant misses you.
You closely miss the hound. Your grab misses the hound.
The hound is lightly wounded.
The hound bites you.
* * * LOW HITPOINT WARNING * * *
You tentacle-slap the hound. You grab the hound.
The hound is moderately wounded.
You constrict the hound. The hound closely misses you.
The gnoll sergeant closely misses you. The hound barely misses you.
You tentacle-slap the hound. You squeeze the hound.
You kill the hound!
The gnoll sergeant hits you from afar with a +2 trident!
You die...

############
............#
...........#
...........#
...........# #. #h#
####
####.###)####..##
#......ggg......#
#...............#
#...............#
###..######.#..#### #
.#######.#####≈≈.≈≈##
#
............≈≈≈.≈≈≈#
#
............≈≈⌠.⌠≈≈#


You could see a gnoll sergeant and 2 gnolls.

Vanquished Creatures
  Sigmund (D:2)
  A black bear (D:5)
  A centaur (D:5)
  Blork the orc (D:4)
  A scorpion (D:5)
  A bombardier beetle (D:4)
  2 hounds
  2 orc priests
  An iguana (D:5)
  Natasha (thrice) (D:4)
  2 orc wizards (D:5)
  A gnoll (D:5)
  10 adders
  A dart slug (D:2)
  A ribbon worm (D:3)
  14 orcs
  7 ball pythons
  8 endoplasms
  3 giant cockroaches
  7 goblins
  A hobgoblin (D:4)
  6 jackals
  2 kobolds (D:2)
  4 quokkas
  9 bats
  2 frilled lizards
  6 rats
98 creatures vanquished.

Notes
Turn   | Place    | Note
-------+----------+-------------------------------------------
     0 | D:1      | Killerpretzel the Octopode Shapeshifter began the quest for
                  | the Orb.
     0 | D:1      | Reached XP level 1. HP: 13/13 MP: 1/1
   117 | D:1      | Reached XP level 2. HP: 17/18 MP: 2/2
   134 | D:1      | Found Awaciazo's Weapon Emporium.
   881 | D:2      | Reached XP level 3. HP: 23/23 MP: 3/3
  1123 | D:2      | Noticed Sigmund
  1128 | D:2      | Found an opulent altar of Gozag.
  1134 | D:2      | Killed Sigmund
  1135 | D:2      | Reached skill level 4 in Shapeshifting
  1135 | D:2      | Reached XP level 4. HP: 20/30 MP: 4/4
  1135 | D:2      | Reached XP level 5. HP: 23/35 MP: 5/5
  1725 | D:2      | Reached XP level 6. HP: 37/41 MP: 6/6
  1979 | D:3      | Found a faded altar of an unknown god.
  2306 | D:3      | Noticed Grinder
  2345 | D:3      | Found a transporter.
  2347 | D:3      | Noticed Marvel's ghost (amateur HOFi)
  2449 | D:3      | Found a transporter.
  2777 | D:4      | Noticed Dowan
  2805 | D:4      | Noticed Blork the orc
  2947 | D:4      | Found a hazy altar of Hepliaklqana.
  2948 | D:4      | Found a burning altar of Makhleb.
  3017 | D:4      | Noticed Natasha
  3024 | D:4      | Killed Natasha
  3061 | D:4      | Noticed Natasha
  3089 | D:4      | Reached skill level 5 in Shapeshifting
  3103 | D:4      | Killed Natasha
  3104 | D:4      | Reached XP level 7. HP: 45/46 MP: 7/7
  3127 | D:4      | Killed Blork the orc
  3236 | D:4      | Noticed Natasha
  3242 | D:4      | Killed Natasha
  3445 | D:5      | Entered Level 5 of the Dungeon
  3455 | D:5      | Learned a level 3 spell: Teleport Other
  3562 | D:5      | Found an ornate altar of the Wu Jian Council.
  3562 | D:5      | Found an iron altar of Okawaru.
  3582 | D:5      | Reached skill level 1 in Translocations
  3803 | D:5      | Found a stormy altar of Qazlal.
  3811 | D:5      | Reached XP level 8. HP: 42/54 MP: 8/8
  3905 | D:5      | Found a sacrificial altar of Ru.
  3905 | D:5      | Found a hide-covered altar of Uskayaw.
  3986 | D:6      | Noticed Jeremiah
  4057 | D:5      | Found Odaotoug's Self-Improvement Boutique.
  4117 | D:5      | HP: 1/54 [hound (2)]
  4119 | D:5      | Slain by a gnoll sergeant

Illustrated notes

Levels and vault maps discovered:
D:1:      minmay_arrival_four_loops, layout_basic, serial_shops,
          nicolae_diamond_shop
D:2:      layout_loops_corners, basic_altar, kennysheep_generic_room_11,
          uniq_sigmund
D:3:      layout_loops_cross, ebering_ecumenical_altar_rust,
          gammafunk_ghost_mausoleum, kennysheep_nondescript, nrook_campfire,
          uniq_grinder
D:4:      layout_cave_pools, mainiacjoe_overflow_divided_tiny,
          regret_index_xom_buried_treasure, serial_bayou_ford_a, uniq_duvessa,
          uniq_natasha, uniq_blork_the_orc
D:5:      cheibrodos_fertilizer, layout_gridville,
          gammafunk_temple_overflow_pools, minitemple, nicolae_shop_self_help
D:6:      layout_rooms, ashenzari_conservatory_becter, serial_undead,
          serial_undead_d, serial_undead_d, serial_undead_a, serial_undead_c,
          serial_undead_f, serial_undead_b, serial_undead_c,
          uniq_crazy_yiuf_cottage, uniq_jeremiah, uniq_maggie

Skill      XL: |  1  2  3  4  5  6  7 |
---------------+----------------------+-----
Fighting       | 2 3 |  3.8
Dodging        | 3 4 |  4.3
Shapeshifting  | 4 5 |  5.8
Unarmed Combat | 4 |  4.9
Translocations | 1 |  1.5

Action                     |  1- 3 |  4- 6 |  7- 9 || total
---------------------------+-------+-------+-------++-------
  Melee: Unarmed           |    53 |   107 |    61 ||   221
         Constrict         |    10 |    34 |    12 ||    56
         Tentacles         |     8 |    21 |    14 ||    43
         Punch             |     1 |     4 |     1 ||     6
    Use: Scroll            |     2 |     3 |     1 ||     6
         Potion            |     1 |       |     4 ||     5
   Stab: Sleeping          |     5 |     8 |     2 ||    15
 Armour: Skin              |    22 |    34 |    67 ||   123
  Dodge: Dodged            |    32 |    70 |    32 ||   134
